 Dungeon Crawl Stone Soup version 0.25.1-2-g60ff931df9 (webtiles) character file.

Game seed: 15798389763777834627

595 Arcadio the Chiller (level 7, -2/46 HPs)
             Began as a Human Ice Elementalist on Nov 20, 2020.
             Slain by a wyvern (18 damage)
             ... on level 5 of the Dungeon.
             The game lasted 00:28:57 (5297 turns).

Arcadio the Chiller (Human Ice Elementalist)        Turns: 5297, Time: 00:28:58

Health: -2/46      AC:  4    Str:  8    XL:     7   Next: 67%
Magic:  4/4        EV: 13    Int: 17    God:
Gold:   321        SH:  0    Dex: 14    Spells: 4/15 levels left

rFire    . . .     SeeInvis .   a - +2 hand axe (antimagic)
rCold    . . .     Gourm    .   (no shield)
rNeg     . . .     Faith    .   C - +0 robe
rPois    .         Spirit   .   (no helmet)
rElec    .         Reflect  .   u - +1 cloak
rCorr    .         Harm     .   (no gloves)
MR       .....                  (no boots)
Stlth    +++.......             h - amulet of regeneration
HPRegen  0.55/turn              j - ring of stealth
MPRegen  0.09/turn              (no ring)

@: no status effects
A: no striking features
a: no special abilities


You were on level 5 of the Dungeon.
You were not hungry.

You visited 1 branch of the dungeon, and saw 5 of its levels.

You collected 321 gold pieces.

Inventory:

Hand Weapons
 a - a +2 antimagic hand axe (weapon)
 b - a +0 shortbow
 e - a +0 club
 g - a +0 hand axe
 p - a +0 club
Missiles
 B - 28 arrows (quivered)
Armour
 q - a +0 helmet
 u - a +1 cloak (worn)
 y - a +0 buckler
 C - a +0 robe (worn)
Magical Staves
 D - an uncursed staff of conjuration {unknown}
Jewellery
 h - an amulet of regeneration (around neck)
 j - a ring of stealth (left hand)
Wands
 w - a wand of polymorph (5)
 z - a wand of flame (8)
Scrolls
 d - a scroll of enchant armour
 i - 4 scrolls of remove curse
 k - 3 scrolls of amnesia
 m - a scroll of fear {unknown}
 o - a scroll of magic mapping {unknown}
 s - a scroll of enchant weapon {unknown}
 t - a scroll of immolation {unknown}
 v - a scroll of noise {unknown}
Potions
 f - a potion of heal wounds {unknown}
 l - a potion of magic {unknown}
 n - a potion of might {unknown}
 r - a potion of stabbing
 A - 3 potions of curing
Comestibles
 c - 6 rations


   Skills:
 + Level 0.3 Fighting
 + Level 0.3(1.2) Axes
 - Level 1.9 Maces & Flails
 + Level 0.3 Bows
 + Level 3.2 Dodging
 - Level 2.3 Stealth
 + Level 4.8 Spellcasting
 + Level 0.3 Charms
 + Level 6.0 Ice Magic


You had 4 spell levels left.
You knew the following spells:

 Your Spells              Type           Power        Failure   Level  Hunger
a - Freeze                Ice            ###.         1%          1    None
b - Ozocubu's Armour      Chrm/Ice       ##......     12%         3    ###....
c - Frozen Ramparts       Ice            ###...       3%          3    ###....
d - Summon Ice Beast      Ice/Summ       ##......     38%         4    ####...

Your spell library contained the following spells:

 Spells                   Type           Power        Failure   Level  Hunger
 Hailstorm                Conj/Ice       ##......     38%         4    ####...


Dungeon Overview and Level Annotations

Branches:
Dungeon (5/15)
 Temple: D:4-7

Altars:
Ashenzari
Fedhas
Trog
Uskayaw


Message History

The wyvern completely misses you. The wyvern closely misses you.
The wyvern barely misses you. The wyvern barely misses you.
The wyvern bites you but does no damage.
The wyvern bites you!
You see here a +0 shortbow.
The wyvern closely misses you. The wyvern closely misses you.
The wyvern bites you. The wyvern completely misses you.
Okay, then.
The wyvern bites you! The wyvern bites you. The wyvern bites you!
The wyvern misses you. The wyvern barely misses you. The wyvern bites you.
The wyvern bites you!!
You die...

##)......#####...##...###....
##....###.......#####...##....
##.....#
####...#######...#....
##......# ###..#......#...(...
##.......#
#...........##..#...
#.....####
#............##..... #..####
#.......>.<..###.... ..##
##.............###... .##
###..l@..........# ##.. ##
##................# ##. #
###.....#...........## #.
##.......##...........####.
###.....(..###............###
###.........##
##............##
###...........#
#.........#...#
..........##..#
##........##...
#....#######.## ####..########


You could see a wyvern.

Vanquished Creatures
  An ogre (D:5)
  2 centaurs (D:5)
  A scorpion (D:5)
  A crimson imp (D:5)
  A hound (D:5)
  An iguana (D:4)
  2 worker ants (D:5)
  4 adders
  4 worms
  3 dart slugs
  6 leopard geckos
  4 orcs
  10 bats
  6 giant cockroaches
  9 goblins
  14 hobgoblins
  8 jackals
  A quokka (D:4)
  4 ball pythons
  7 frilled lizards
  A jackal skeleton (D:5)
  7 kobolds
  A quokka zombie (D:5)
  5 rats
103 creatures vanquished.

Notes
Turn   | Place    | Note
-------+----------+-------------------------------------------
     0 | D:1      | Arcadio the Human Ice Elementalist began the quest for the
                  | Orb.
     0 | D:1      | Reached XP level 1. HP: 13/13 MP: 3/3
   143 | D:1      | Reached XP level 2. HP: 19/19 MP: 1/5
   554 | D:1      | Reached XP level 3. HP: 24/24 MP: 2/6
  1044 | D:1      | Learned a level 3 spell: Ozocubu's Armour
  1508 | D:2      | Found a hide-covered altar of Uskayaw.
  1519 | D:2      | Reached XP level 4. HP: 28/30 MP: 5/7
  1612 | D:2      | Found a shattered altar of Ashenzari.
  1749 | D:2      | Found a blossoming altar of Fedhas.
  1762 | D:2      | Found a bloodstained altar of Trog.
  2371 | D:3      | Reached skill level 1 in Maces & Flails
  2702 | D:3      | Learned a level 3 spell: Frozen Ramparts
  2721 | D:3      | Reached skill level 5 in Ice Magic
  3001 | D:3      | Reached XP level 5. HP: 31/35 MP: 4/9
  3961 | D:4      | Noticed a phantom
  4015 | D:5      | Entered Level 5 of the Dungeon
  4040 | D:5      | Reached XP level 6. HP: 23/41 MP: 0/11
  4197 | D:5      | Learned a level 4 spell: Summon Ice Beast
  4361 | D:5      | Noticed an ogre
  4843 | D:5      | Killed an ogre
  5018 | D:5      | Reached XP level 7. HP: 40/46 MP: 7/13
  5256 | D:5      | Reached skill level 6 in Ice Magic
  5264 | D:5      | Noticed a wyvern
  5264 | D:5      | a centaur changed into a wyvern
  5297 | D:5      | Slain by a wyvern

Illustrated notes

Levels and vault maps discovered:
D:1:      dpeg_arrival_concentric_ovals, layout_basic
D:2:      layout_loops_ring, nicolae_overflow_hidden_temple, old_standard_altar
D:3:      layout_rooms
D:4:      minmay_skewed_foursquare, layout_basic, sigmund_army
D:5:      layout_cave_pods, first_ration

Skill      XL: |  1  2  3  4  5  6  7 |
---------------+----------------------+-----
Maces & Flails | 1 |  1.9
Ice Magic      | 5 6 |  6.0
Spellcasting   | 3 4 |  4.8
Dodging        | 3 |  3.2
Fighting       | |  0.3
Axes           | |  0.3
Bows           | |  0.3
Stealth        | |  2.3
Charms         | |  0.3

Action                   |  1- 3 |  4- 6 |  7- 9 || total
-------------------------+-------+-------+-------++-------
Melee: Club              |    57 |    59 |       ||   116
       Hand axe          |       |       |     2 ||     2
 Fire: Shortbow          |       |       |     4 ||     4
 Cast: Freeze            |    45 |   121 |     8 ||   174
       Frozen Ramparts   |       |     5 |       ||     5
       Ozocubu's Armour  |       |     2 |       ||     2
Evoke: Wand              |       |     1 |     3 ||     4
  Use: Scroll            |     2 |    10 |       ||    12
       Potion            |     1 |     1 |       ||     2
 Stab: Sleeping          |     6 |    15 |       ||    21
       Distracted        |     1 |       |       ||     1
  Eat: Chunk             |     3 |    12 |     1 ||    16
Armor: Robe              |    16 |    25 |     4 ||    45
Dodge: Dodged            |    63 |    98 |    20 ||   181
